 Dungeon Crawl Stone Soup version 0.30-a0-322-g102857c98e (webtiles) character file.

Game seed: 7117130488359004778

414 lunkers the Digger (level 7, -2/50 HPs)
             Began as a Meteoran Earth Elementalist on Oct 27, 2022.
             Was a Follower of Makhleb.
             Slain by a yak (15 damage)
             ... on level 5 of the Dungeon.
             The game lasted 00:04:10 (1646 turns).

lunkers the Digger (Meteoran Earth Elementalist)    Turns: 1646, Time: 00:04:11

Health: -2/50      AC:  7    Str:  9    XL:     7   Next: 37%
Magic:  4/16       EV: 12    Int: 18    God:    Makhleb [*.....]
Gold:   156        SH:  3    Dex: 16    Spells: 10/16 levels left

rFire   . . .      SeeInvis .    h - +4 trident (venom)
rCold   . . .      Faith    .    l - +0 buckler
rNeg    . . .      Spirit   .    a - +0 robe
rPois   .          Reflect  .    (no helmet)
rElec   .          Harm     .    (no cloak)
rCorr   .          Rampage  .    k - +0 pair of gloves
Will    .....                    (no boots)
Stlth   +.........               (no amulet)
HPRegen 0.28/turn                p - +4 ring of protection
MPRegen 0.15/turn                (no ring)

@: glowing
A: sense surroundings 1, otherworldly, glowing, explore regen
a: Renounce Religion


You were on level 5 of the Dungeon.
You worshipped Makhleb.
Makhleb was aware of your devotion.
You visited 1 branch of the dungeon, and saw 5 of its levels.

You collected 156 gold pieces.

Inventory:

Hand Weapons
 h - a +4 trident of venom (weapon)
 r - a +0 dagger of venom
Armour
 a - a +0 robe (worn)
 k - a +0 pair of gloves (worn)
 l - a +0 buckler (worn)
Jewellery
 p - a +4 ring of protection (left hand)
Wands
 f - a wand of polymorph (2)
Scrolls
 c - a scroll of identify {unknown}
 e - a scroll of fear {unknown}
 j - a scroll of blinking {unknown}
 m - a scroll of summoning {unknown}
 n - 2 scrolls of enchant armour {unknown}
 t - 3 scrolls of teleportation {unknown}
Potions
 b - a potion of magic
 d - a potion of brilliance {unknown}
 g - a potion of lignification {unknown}
 i - a potion of haste {unknown}
 o - a potion of berserk rage {unknown}
 q - 2 potions of curing
 s - 2 potions of attraction {unknown}


   Skills:
 - Level 2.4 Dodging
 - Level 1.4 Stealth
 + Level 5.4 Spellcasting
 - Level 1.2 Transmutations
 * Level 7.7 Earth Magic


You had 10 spell levels left.
You knew the following spells:

 Your Spells              Type           Power      Damage    Failure   Level
a - Sandblast             Erth           64%        2d14      1%          1
b - Passwall              Tmut/Erth      16%        N/A       4%          2
c - Stone Arrow           Conj/Erth      36%        3d9       11%         3

Your spell library contained the following spells:

 Spells                   Type           Power      Damage    Failure   Level
 Ensorcelled Hibernation  Hex/Ice        8%         N/A       26%         2
 Petrify                  Tmut/Erth      20%        N/A       28%         4
 Spider Form              Tmut/Pois      7%         N/A       38%         3
 Anguish                  Hex/Necr       2%         N/A       86%         4


Dungeon Overview and Level Annotations

Branches:
Dungeon (5/15) Zot: 1281
 Temple: D:4-7

Altars:
Makhleb

Shops:
D:1 (   D:2 (   D:3 [*[[

Annotations:
D:2 Natasha


Innate Abilities, Weirdness & Mutations

You passively map a small area around you.
You are easily found by Zot.
You glow in the dark.
You regain HP and MP as you explore.


Message History

Aiming: Sandblast (safe; 1% risk of failure)
Press: ? - help, Q - select action, (/) - cycle Shift-Dir - straight line, f/p - yak
Aim: a yak (lightly wounded, 90% to hit)
The blast of sand hits the yak!
The yak is moderately wounded.
The yak bellows!
The yak gores you.
* * * LOW HITPOINT WARNING * * *
Aiming: Sandblast (safe; 1% risk of failure)
Press: ? - help, Q - select action, (/) - cycle Shift-Dir - straight line, f/p - yak
Aim: a yak (moderately wounded, 90% to hit)
The blast of sand hits the yak!
The yak is heavily wounded.
The yak gores you.
* * * LOW HITPOINT WARNING * * *
The yak gores you!
* * * LOW HITPOINT WARNING * * *
Aiming: Sandblast (safe; 1% risk of failure)
Press: ? - help, Q - select action, (/) - cycle Shift-Dir - straight line, f/p - yak
Aim: a yak (heavily wounded, 90% to hit)
The blast of sand hits the yak!
The yak is severely wounded.
Unknown command.
Unknown command.
Okay, then.
Aiming: Polymorph
Press: ? - help, Shift-Dir - straight line, f/p - yak
Aim: a yak (severely wounded, will become a rime drake, a water moccasin, or a raiju, chance to affect: 49%)
The yak resists with some effort.
Unknown command.
Okay, then.
Aiming: Sandblast (safe; 1% risk of failure)
Press: ? - help, Q - select action, (/) - cycle Shift-Dir - straight line, f/p - yak
Aim: a yak (severely wounded, 90% to hit)
The blast of sand hits the yak!
The yak is lightly wounded.
The yak gores you.
* * * LOW HITPOINT WARNING * * *
The yak gores you!
You die...

* * ** #.. , *
#.#### * , *
#....## * ,##.
#.#...###,
.....####Y.......
.....†..lY#...###
...#.#.#Y## ### ,
#.#Y# * ~ **
#.#@## *
#.#..####... ,
,..##..).)... * ~
##*#.####.## *
#.# #.# * #.# *
#.# , #####.# *


You could see 4 yaks and an iguana.

Vanquished Creatures
  A necrophage (D:5)
  A scorpion (D:2)
  A hound (D:5)
  A jelly (D:5)
  An orc priest (D:5)
  An iguana (D:4)
  Natasha (D:2)
  An orc wizard (D:5)
  Terence (D:2)
  An adder (D:2)
  3 worms
  3 dart slugs (D:2)
  13 orcs
  4 ball pythons
  3 endoplasms (D:1)
  3 giant cockroaches
  7 goblins
  5 hobgoblins
  A quokka (D:3)
  5 bats
  A frilled lizard (D:1)
  9 kobolds
  8 rats
75 creatures vanquished.

Notes
Turn   | Place    | Note
-------+----------+-------------------------------------------
     0 | D:1      | lunkers the Meteoran Earth Elementalist began the quest for
                  | the Orb.
     0 | D:1      | Reached XP level 1. HP: 14/14 MP: 5/5
    41 | D:1      | Reached skill level 4 in Earth Magic
    41 | D:1      | Reached XP level 2. HP: 20/20 MP: 6/6
   169 | D:1      | Found Luczemerch's Weapon Shoppe.
   195 | D:1      | Reached XP level 3. HP: 18/26 MP: 2/8
   268 | D:2      | Noticed Terence
   271 | D:2      | Killed Terence
   272 | D:2      | Reached XP level 4. HP: 13/33 MP: 5/10
   280 | D:2      | Learned a level 2 spell: Passwall
   284 | D:2      | Learned a level 3 spell: Stone Arrow
   300 | D:2      | Noticed Natasha
   305 | D:2      | Killed Natasha
   306 | D:2      | Reached skill level 5 in Earth Magic
   354 | D:2      | Noticed Natasha
   448 | D:2      | Reached XP level 5. HP: 38/38 MP: 8/11
   487 | D:2      | Reached skill level 6 in Earth Magic
   533 | D:2      | Reached XP level 6. HP: 45/45 MP: 7/13
   563 | D:2      | Found Ybueclip's Weapon Shoppe.
   661 | D:3      | Found Oxouhif's Armour Boutique.
   778 | D:3      | Found a faded altar of an unknown god.
   781 | D:3      | Prayed at the altar of an unknown god.
   781 | D:3      | Became a worshipper of Makhleb the Destroyer
   781 | D:3      | Reached * piety under Makhleb
   870 | D:3      | Found Mupnem's Assorted Antiques.
   896 | D:3      | Found Cepemm's Armour Shop.
   984 | D:3      | Found Puzilet's Armour Boutique.
  1400 | D:5      | Entered Level 5 of the Dungeon
  1443 | D:5      | Reached skill level 5 in Spellcasting
  1443 | D:5      | Reached skill level 7 in Earth Magic
  1613 | D:5      | Reached XP level 7. HP: 50/50 MP: 12/15
  1632 | D:5      | Noticed a yak
  1633 | D:5      | Noticed a yak
  1635 | D:5      | Noticed a yak
  1640 | D:5      | Noticed a yak
  1641 | D:5      | Noticed a yak
  1646 | D:5      | Slain by a yak

Illustrated notes

Levels and vault maps discovered:
D:1:      giann_wishing_wells, layout_rooms, serial_shops,
          nicolae_shop_bloodbath_and_beyond
D:2:      layout_basic, serial_shops, nicolae_shop_stone, serial_bayou_pond_e,
          uniq_terence, uniq_natasha
D:3:      layout_basic, mainiacjoe_overflow_big_doors, trog_hazing_becter,
          hellmonk_ecumenical_altar_defaced_shrine, serial_shops, shop,
          shop_statue, nicolae_shop_stone, nicolae_diamond_shop
D:4:      layout_loops_ring, minmay_misc_feat_alley
D:5:      layout_loops_ring, enter_ossuary_5, serial_rivers,
          chequers_serial_rivers_small_b, chequers_serial_rivers_large_a,
          chequers_serial_rivers_room_a, chequers_serial_rivers_large_b,
          uniq_eustachio

Skill      XL: |  1  2  3  4  5  6 |
---------------+-------------------+-----
Earth Magic    | 4 5 6 7 |  7.7
Spellcasting   | 3 4 5 |  5.4
Dodging        | |  2.4
Stealth        | |  1.4
Transmutations | |  1.2

Action                   |  1- 3 |  4- 6 |  7- 9 || total
-------------------------+-------+-------+-------++-------
Melee: Unarmed           |     5 |     9 |       ||    14
 Cast: Sandblast         |    28 |    79 |    17 ||   124
Evoke: Wand              |       |       |     1 ||     1
Armor: Robe              |     3 |    13 |     1 ||    17
Dodge: Dodged            |     8 |    18 |     4 ||    30
Block: Buckler           |       |     5 |     1 ||     6

Table legend: (Time is in decaauts)
 A = Elapsed time spent in this place.
 B = Non-inter-level travel time spent in this place.
 C = Inter-level travel time spent in this place.
 D = Time resting spent in this place.
 E = Time spent auto-exploring this place.
 F = Levels seen in this place.
 G = Mean time per level.
                   A        B        C        D        E       F      G
               +--------+--------+--------+--------+--------+-----+--------+
         Total |   1716 |   1612 |    104 |      0 |   1109 |   5 |  343.2 |
       Dungeon |   1716 |   1612 |    104 |      0 |   1109 |   5 |  343.2 |
               +--------+--------+--------+--------+--------+-----+--------+

Top non-repeatable levels by time:
     D:2: 416 daAuts
     D:4: 383 daAuts
     D:3: 373 daAuts
     D:5: 283 daAuts
     D:1: 259 daAuts
